 Dungeon Crawl Stone Soup version 0.29.1-1-gd02db6906a (webtiles) character file.

Game seed: 17896928953268909836

21 Orsonium the Slasher (level 3, -3/29 HPs)
             Began as a Human Monk on Sept 21, 2022.
             Frozen to death by an endoplasm (4 damage)
             ... on level 1 of the Dungeon.
             The game lasted 00:02:19 (741 turns).

Orsonium the Slasher (Human Monk)                    Turns: 741, Time: 00:02:20

Health: -3/29      AC:  2    Str: 13    XL:     3   Next: 2%
Magic:  3/3        EV: 13    Int: 10    God:
Gold:   81         SH:  0    Dex: 15    Spells: 2/2 levels left

rFire   . . .      SeeInvis .   a - +0 falchion
rCold   . . .      Faith    .   (no shield)
rNeg    . . .      Spirit   .   b - +0 robe
rPois   .          Reflect  .   (no helmet)
rElec   .          Harm     .   (no cloak)
rCorr   .          Rampage  .   (no gloves)
Will    .....                   (no boots)
Stlth   ++........              (no amulet)
HPRegen 0.09/turn               (no ring)
MPRegen 0.08/turn               (no ring)

@: no status effects
A: no striking features
a: no special abilities


You were on level 1 of the Dungeon.
You visited 1 branch of the dungeon, and saw 1 of its levels.

You collected 81 gold pieces.

Inventory:

Hand Weapons
 a - a +0 falchion (weapon)
Armour
 b - a +0 robe (worn)
Magical Staves
 g - a staff of death
Scrolls
 d - a scroll of identify {unknown}
 f - a scroll of immolation {unknown}
 h - a scroll of teleportation {unknown}
Potions
 c - a potion of ambrosia
 e - a potion of invisibility {unknown}


   Skills:
 + Level 3.3 Fighting
 + Level 3.4 Long Blades
 + Level 3.2 Dodging
 + Level 2.1 Stealth


You had 2 spell levels left.
You didn't know any spells.
Your spell library was empty.

Dungeon Overview and Level Annotations

Branches:
Dungeon (1/15)

Altars:


Message History

The quokka attacks as you move away! The quokka barely misses you.
The jackal attacks as you move away! The jackal barely misses you. x2
The quokka attacks as you move away!
The quokka bites you but does no damage.
The jackal bites you. The quokka bites you.
The jackal attacks as you move away! The jackal bites you.
The jackal bites you.
You barely miss the quokka. The jackal bites you. The quokka barely misses you.
The jackal bites you but does no damage.
You barely miss the quokka. The quokka bites you. The jackal barely misses you.
The quokka misses you.
You barely miss the quokka. The jackal barely misses you. The quokka bites you.
The jackal bites you.
You hit the quokka but do no damage. The quokka completely misses you.
The jackal misses you.
You hit the quokka.
The quokka is severely wounded.
The quokka bites you. The jackal bites you. The jackal closely misses you.
The quokka barely misses you.
You hit the quokka but do no damage.
The quokka is severely wounded.
The jackal bites you.
* * * LOW HITPOINT WARNING * * *
The quokka closely misses you.
You barely miss the quokka.
The quokka is severely wounded.
The jackal misses you. The quokka bites you.
* * * LOW HITPOINT WARNING * * *
The jackal bites you.
* * * LOW HITPOINT WARNING * * *
You barely miss the quokka.
The quokka is severely wounded.
The quokka barely misses you. The jackal misses you. The quokka misses you.
You hit the quokka.
You kill the quokka!
The jackal misses you. The jackal bites you.
* * * LOW HITPOINT WARNING * * *
The endoplasm freezes you.
You are frozen.
You die...

####### #.....####
######.........
#....#.........
#....#.....(... #####
#....+.........
#....####...#.........
#....@J...............
#.....h....[>....#....
#........###.....#....
#........# #.....##...
#####...####..........
#..........)..........
#....)................
#.....................
#....######...#...#...


You could see an endoplasm and a jackal.

Vanquished Creatures
  2 dart slugs (D:1)
  4 ball pythons (D:1)
  2 giant cockroaches (D:1)
  4 goblins (D:1)
  2 jackals (D:1)
  A quokka (D:1)
15 creatures vanquished.

Notes
Turn   | Place    | Note
-------+----------+-------------------------------------------
     0 | D:1      | Orsonium the Human Monk began the quest for the Orb.
     0 | D:1      | Reached XP level 1. HP: 18/18 MP: 1/1
    48 | D:1      | Reached XP level 2. HP: 5/24 MP: 2/2
   691 | D:1      | Reached XP level 3. HP: 27/29 MP: 3/3
   741 | D:1      | HP: 1/29 [jackal (2)]
   741 | D:1      | Frozen to death by an endoplasm

Illustrated notes

Levels and vault maps discovered:
D:1:      beargit_arrival_greenhouse, layout_basic

Action                   || total
-------------------------++-------
Melee: Falchion          ||    52
 Stab: Sleeping          ||     1
Armor: Robe              ||    13
Dodge: Dodged            ||    58
